AoeStats
← Patorhcp

QS Arena

503124657Analyzed
2v2 RM · 2mo ago on Aug 30, 2026· 23m 46s· 4 players
Game mode
Random Map
Map size
Medium (4 player)
Population
200
Speed
Normal
Resources
Standard
Victory
Conquest
Starting age
Dark Age
Ending age
Imperial Age
RankedLock teamsTeams togetherTeam positionsShared explorationLock speedFull tech treeHidden civsTurbo modeCheats
Victory
Defeat
🇦🇷 Malians · Argentina
972
+18
🇦🇷 Malians · Argentina
968
+18
vs
🇦🇷 Cumans · Argentina
1021
-18
🇺🇸 Huns · United States
1003
-18
Shadow Liberty
7:47 Feudal Age
11:22 Double-Bit Axe
13:51 Castle Age
12:12 Horse Collar
14:04 Gold Mining
18:54 Scale Barding Armor
Patorhcp
8:01 Feudal Age
10:21 Double-Bit Axe
10:19 Horse Collar
15:15 Wheelbarrow
19:50 Castle Age
17:38 Loom
17:39 Town Watch
19:14 Man-at-Arms
19:57 Arson
20:02 Long Swordsman
20:43 Squires
21:53 Forging
21:45 Scale Mail Armor
凛绪nn
8:47 Feudal Age
12:48 Castle Age
11:22 Double-Bit Axe
12:23 Loom
14:25 Horse Collar
KING
9:23 Feudal Age
10:49 Double-Bit Axe
15:00 Castle Age
16:46 Gold Mining
Connection lost

Rejoining the realm…

Still unreachable

The connection could not be restored.

Session expired

The server has moved on; the page needs a fresh start.